[Event "Titled Tuesday Blitz December 06 Late 2022"]
[White "Melikyan, Gnel"]
[Black "Tirelli, Mauro"]
[WhiteFideId "54109990"]
[BlackFideId "845353"]
[WhiteElo "2138"]
[BlackElo "2152"]
[Result "1-0"]
[Round "04"]
[TimeControl "180+1"]
[Date "2022.12.07"]
[WhiteClock "0:00:30"]
[BlackClock "0:01:23"]

1. b4 d5 2. Bb2 Nf6 3. e3 e6 4. a3 Be7 5. Nf3 O-O 6. c4 Nbd7 7. Be2 b6 8. O-O Bb7 9. cxd5 exd5 10. Nc3 c5 11. bxc5 Nxc5 12. Rc1 Rc8 13. Nb5 a6 14. Nbd4 Re8 15. Nf5 Bf8 16. Ne5 g6 17. Ng3 Bg7 18. d4 Nce4 19. Nxe4 Nxe4 20. a4 Qd6 21. f3 Ng5 22. Qb3 f6 23. Rxc8 Rxc8 24. Nd3 Bf8 25. Rc1 Nf7 26. Rxc8 Bxc8 27. Nf4 Bh6 28. Nxd5 Be6 29. Nxf6+ Kh8 30. d5 1-0


[Site "https://www.chess.com"]

[Event "Titled Tuesday Blitz December 06 Late 2022"]
[White "Melkumyan, Hrant"]
[Black "Martinez Alcantara, Jose Eduardo"]
[WhiteFideId "13302485"]
[BlackFideId "3805662"]
[WhiteElo "2604"]
[BlackElo "2707"]
[Result "0-1"]
[Round "04"]
[TimeControl "180+1"]
[Date "2022.12.06"]
[WhiteClock "0:00:11"]
[BlackClock "0:00:06"]

1. d4 Nf6 2. c4 e6 3. Bf4 b6 4. a3 Bb7 5. Nc3 d5 6. e3 Be7 7. Nf3 O-O 8. Rc1 a6 9. h3 Nbd7 10. cxd5 exd5 11. Bd3 c5 12. O-O c4 13. Bb1 b5 14. Ne5 Nb6 15. g4 Ne4 16. Ne2 f6 17. Nf3 Qd7 18. Nd2 Rae8 19. f3 Nxd2 20. Qxd2 Bd6 21. Kg2 g6 22. Rfe1 Nc8 23. h4 Kh8 24. h5 g5 25. Bxd6 Nxd6 26. Ng3 Qc7 27. Re2 Re7 28. Rce1 Rfe8 29. Bf5 Qb6 30. Bc2 a5 31. b4 cxb3 32. Bxb3 Nc4 33. Bxc4 dxc4 34. Nf5 Rd7 35. e4 b4 36. axb4 axb4 37. Rb1 b3 38. Qc3 Bd5 39. Ra1 Be6 40. d5 Bxf5 41. gxf5 Qd6 42. Rb1 Rc7 43. h6 Qe5 44. Re3 Kg8 45. Qxe5 fxe5 46. Rc3 Rb8 47. Kg3 Kf7 48. Kg4 Kf6 49. d6 Rd7 50. Rxc4 Rxd6 51. Rb2 Kf7 52. Rc7+ Kf6 53. Ra7 Rd1 54. Ra6+ Kf7 55. Ra7+ Kf6 56. Ra6+ Kf7 57. f6 Kg6 58. f7+ Kxf7 59. Kf5 Rd3 60. Ra7+ Kg8 61. Kxe5 Rxf3 62. Rg7+ Kh8 63. Rxg5 Rh3 64. Rf5 Rxh6 65. Kd5 Rd8+ 66. Kc4 Re6 67. e5 Rc6+ 68. Kb5 Rc3 69. Kb4 Re3 70. Rf6 Rb8+ 71. Kc4 Rxe5 72. Rxb3 Rd8 73. Rb5 Re4+ 74. Kb3 Re7 75. Rc5 Kg7 76. Rf1 Re3+ 77. Kb4 Rd4+ 78. Kb5 Rd7 79. Rg1+ Kf6 80. Kc4 Rf3 81. Rh1 Rf4+ 82. Kb5 Kg6 83. Rc6+ Kg5 84. Rc5+ Kg4 85. Rch5 Rf5+ 86. Rxf5 Kxf5 87. Rf1+ Kg4 88. Rg1+ Kf3 89. Rh1 Kg2 90. Rh6 Kg3 91. Kc6 Rg7 92. Kd5 Kg4 93. Ke4 Re7+ 94. Kd3 Kg5 95. Rh1 h5 96. Rg1+ Kf4 97. Rh1 Kg4 98. Rg1+ Kf3 99. Rh1 Rh7 100. Rf1+ Kg2 101. Rf8 h4 102. Rg8+ Kf2 103. Rf8+ Ke1 104. Re8+ Kf1 105. Rf8+ Kg2 106. Rg8+ Kf2 107. Rf8+ Ke1 108. Re8+ Kd1 109. Ra8 Ke1 110. Ke3 Kf1 111. Kf3 Kg1 112. Ra1+ Kh2 113. Ra2+ Kh3 114. Kf2 Rg7 115. Ra3+ Kh2 116. Ra8 Rf7+ 117. Ke2 h3 118. Rg8 Rf4 119. Ke1 Rf3 120. Ke2 Rg3 121. Rf8 Kh1 122. Kf1 Ra3 123. Kf2 Ra2+ 124. Kf1 Ra3 125. Kf2 Kh2 126. Kf1 Ra2 127. Rf7 Ra1+ 128. Kf2 Rg1 129. Rf8 Rg2+ 130. Kf1 Rg7 131. Rf6 Kg3 132. Kg1 Rg4 133. Kh1 Re4 134. Rg6+ Kh4 135. Rg1 Re2 136. Ra1 Kg3 137. Ra3+ Kg4 138. Ra1 Re3 139. Rg1+ Kh4 140. Rb1 Kg3 141. Rg1+ Kf2 142. Rb1 h2 143. Rb2+ Kg3 144. Rg2+ Kf3 145. Rxh2 Re1# 0-1


[Site "https://www.chess.com"]

[Event "Titled Tuesday Blitz December 06 Late 2022"]
[White "Mendez Fortes, Eduardo Jesus"]
[Black "Goltsev, Dmitry"]
[WhiteFideId "3502376"]
[BlackFideId "24176710"]
[WhiteElo "2307"]
[BlackElo "2327"]
[Result "0-1"]
[Round "04"]
[TimeControl "180+1"]
[Date "2022.12.06"]
[WhiteClock "0:00:01"]
[BlackClock "0:00:23"]

1. e4 e6 2. d4 d5 3. Nd2 c5 4. exd5 exd5 5. Ngf3 Nf6 6. Bb5+ Nc6 7. O-O Be7 8. dxc5 Bxc5 9. Nb3 Bb6 10. c3 O-O 11. h3 Qd6 12. Bg5 h6 13. Bxf6 Qxf6 14. Nbd4 Qd6 15. Re1 Bd7 16. Bf1 Rae8 17. Rxe8 Rxe8 18. g3 Re4 19. Bg2 a6 20. Qd2 Ne7 21. Rd1 Ng6 22. Kh1 Qe7 23. Kg1 Bc5 24. Kh2 h5 25. Bf1 h4 26. Bd3 hxg3+ 27. fxg3 Re3 28. Bxg6 fxg6 29. Re1 Re4 30. Nb3 Be3 31. Qxd5+ Kh8 32. Ng5 Bg1+ 33. Kg2 Bc6 34. Qxc6 bxc6 35. Nxe4 Bb6 36. Re2 a5 37. h4 a4 38. Nbd2 Bc7 39. Nf3 Qe6 40. Nfg5 Qxa2 41. Rf2 Kg8 42. Kh2 a3 43. bxa3 Qxa3 44. Rd2 Qe7 45. Kg2 c5 46. Rf2 Qe5 47. Rf7 Bd8 48. Ra7 Bxg5 49. Ra8+ Kf7 0-1


[Site "https://www.chess.com"]

[Event "Titled Tuesday Blitz December 06 Late 2022"]
[White "Meunier, Clement"]
[Black "Rastbod, Ali"]
[WhiteFideId "20667930"]
[BlackFideId "12567477"]
[WhiteElo "2233"]
[BlackElo "2223"]
[Result "0-1"]
[Round "04"]
[TimeControl "180+1"]
[Date "2022.12.07"]
[WhiteClock "0:00:10"]
[BlackClock "0:00:08"]

1. e4 Nc6 2. Nf3 g6 3. d4 Bg7 4. d5 Nb8 5. Nc3 d6 6. Be3 c6 7. Qd2 a6 8. a4 a5 9. Be2 Na6 10. Nd4 Bd7 11. f4 Nf6 12. dxc6 bxc6 13. h3 Nb4 14. O-O O-O 15. Rad1 Qc7 16. Bf3 Rfd8 17. Rfe1 e6 18. Nb3 d5 19. e5 Ne8 20. Bc5 Na6 21. Bf2 Bf8 22. Nd4 Rab8 23. f5 exf5 24. e6 fxe6 25. Nxe6 Bxe6 26. Rxe6 Ng7 27. Re2 Rb4 28. Bxd5+ cxd5 29. Nxd5 Rxd5 30. Qxd5+ Qf7 31. Qa8 Nc7 32. Qxa5 Nce6 33. b3 Qb7 34. Qd5 Qc8 35. Qd7 Rb8 36. Qxc8 Rxc8 37. c4 Nc5 38. Rb2 Rb8 39. Rdb1 Nd3 40. Rd2 Nb4 41. Rd7 Ne6 42. a5 Nc5 43. Bxc5 Bxc5+ 44. Kf1 Ra8 45. Ra1 Nc2 46. Ra4 Ra6 47. Rb7 g5 48. Rb5 Be7 49. c5 Ne3+ 50. Ke2 Nd5 51. b4 Nc3+ 52. Kd3 Nxb5 53. Kc4 Nc7 54. b5 Ra8 55. b6 Na6 56. c6 Kf7 57. Kb5 Ke6 58. b7 Ra7 59. Kb6 Bc5+ 60. Kb5 Kd5 0-1


[Site "https://www.chess.com"]

[Event "Titled Tuesday Blitz December 06 Late 2022"]
[White "Mladek, Richard"]
[Black "Tomaszewski, Kacper"]
[WhiteFideId "386588"]
[BlackFideId "1127373"]
[WhiteElo "2271"]
[BlackElo "2211"]
[Result "0-1"]
[Round "04"]
[TimeControl "180+1"]
[Date "2022.12.07"]
[WhiteClock "0:00:06"]
[BlackClock "0:00:18"]

1. d4 Nf6 2. c4 e6 3. Nc3 d5 4. cxd5 exd5 5. Bf4 Bd6 6. Bg5 c6 7. e3 Bf5 8. Qf3 Bg6 9. Bxf6 Qxf6 10. Qxf6 gxf6 11. Nf3 Nd7 12. Kd2 Nb6 13. Bd3 Nc4+ 14. Bxc4 dxc4 15. e4 b5 16. Rae1 O-O-O 17. h4 Bh5 18. Ke3 Rhe8 19. Rhg1 f5 20. e5 Bf8 21. Ng5 f6 22. Nf3 Bh6+ 23. Ke2 fxe5 24. dxe5 Rxe5+ 25. Kf1 Rxe1+ 26. Kxe1 b4 27. Na4 c3 28. bxc3 bxc3 29. Nxc3 Bxf3 30. gxf3 Bd2+ 31. Ke2 Bxc3 32. Rc1 Ba5 33. Rxc6+ Kb7 34. Rc5 Kb6 35. Rxf5 Rd2+ 36. Ke3 Rxa2 37. f4 Bd2+ 38. Kd3 Be1 39. f3 Ra5 40. Rf6+ Kb5 41. f5 Ra3+ 42. Ke2 Bxh4 43. Rf7 Bg5 44. Rxh7 Re3+ 45. Kf2 Re7 46. Rh5 Be3+ 47. Ke2 Bd4+ 48. Kd3 Bf6 49. Rh6 Rf7 50. Ke4 a5 51. Kd5 a4 52. Ke6 Rf8 53. Rh7 a3 54. Ra7 Bb2 55. f4 Rf6+ 56. Kd5 Rxf5+ 57. Ke4 Rf6 58. Rb7+ Kc4 59. Ra7 Kb3 60. f5 a2 61. Rb7+ Kc2 62. Rc7+ Kb1 63. Ra7 a1=Q 64. Rxa1+ Bxa1 65. Kf4 Kc2 66. Kg5 Kd3 0-1


[Site "https://www.chess.com"]

[Event "Titled Tuesday Blitz December 06 Late 2022"]
[White "Moral Garcia, Serafin"]
[Black "Freile Martin, Javier"]
[WhiteFideId "2201925"]
[BlackFideId "3600165"]
[WhiteElo "2259"]
[BlackElo "2331"]
[Result "1-0"]
[Round "04"]
[TimeControl "180+1"]
[Date "2022.12.07"]
[WhiteClock "0:01:43"]
[BlackClock "0:00:15"]

1. e4 c5 2. Nf3 d6 3. d4 cxd4 4. Nxd4 Nf6 5. Nc3 Nc6 6. Bg5 Bd7 7. Qd2 Rc8 8. O-O-O Nxd4 9. Qxd4 Qa5 10. Bd2 Qc5 11. Qxc5 Rxc5 12. f3 a6 13. Kb1 e6 14. Be3 Rc8 15. Bf4 e5 16. Bg5 Be7 17. Bxf6 gxf6 18. Nd5 Bd8 19. Ne3 Be7 20. Bc4 Be6 21. Bd5 Rc7 22. Rd3 Rg8 23. g3 h5 24. a4 h4 25. g4 h3 26. Rb3 Bc8 27. Rd1 Bf8 28. Rdd3 Bh6 29. Rdc3 Kd8 30. Rxc7 Kxc7 31. Bxf7 Rg7 32. Bd5 Bxe3 33. Rxe3 Bd7 34. Rc3+ Kb8 35. a5 Bb5 36. Bc4 Bxc4 37. Rxc4 Rd7 38. Rc3 d5 39. Rd3 d4 40. c3 Kc7 41. cxd4 exd4 42. Kc2 Kc6 43. Rb3 Kd6 44. f4 Rg7 45. Rg3 Kc5 46. Kd3 Kb4 47. Kxd4 Kxa5 48. Kd5 Kb4 49. Ke6 b5 50. Kxf6 Rg8 51. g5 a5 52. g6 a4 53. Rxh3 Rf8+ 54. Kg5 Kc4 55. f5 b4 56. f6 a3 57. bxa3 b3 58. Rxb3 Kxb3 59. f7 Kxa3 60. Kf6 Rh8 61. g7 Rh6+ 62. Kg5 Rxh2 63. f8=Q+ 1-0


[Site "https://www.chess.com"]

[Event "Titled Tuesday Blitz December 06 Late 2022"]
[White "Nasuta, Grzegorz"]
[Black "Omelja, Artem"]
[WhiteFideId "1141686"]
[BlackFideId "14119846"]
[WhiteElo "2441"]
[BlackElo "2404"]
[Result "1-0"]
[Round "04"]
[TimeControl "180+1"]
[Date "2022.12.06"]
[WhiteClock "0:00:20"]
[BlackClock "0:00:08"]

1. e4 c5 2. Nf3 Nc6 3. Bb5 g6 4. Bxc6 dxc6 5. d3 Bg7 6. h3 Qc7 7. Nc3 e5 8. Be3 b6 9. O-O Nf6 10. Qd2 Nd7 11. Bh6 O-O 12. Nh2 Re8 13. Bxg7 Kxg7 14. Ng4 h5 15. Qh6+ Kg8 16. Ne3 Qd6 17. f4 exf4 18. Rxf4 Qd4 19. Rf2 Nf8 20. Raf1 Re7 21. Ne2 Qg7 22. Qg5 Rb7 23. Ng3 Ne6 24. Qh4 Nf8 25. Nc4 Be6 26. Nd6 Rd7 27. Ndf5 gxf5 28. exf5 Bd5 29. Nxh5 Qd4 30. Nf6+ Kg7 31. Qg5+ Ng6 32. Nxd7 Bxa2 33. fxg6 Qxd7 34. gxf7+ Kf8 35. Qg8+ Ke7 36. f8=Q+ Rxf8 37. Qxf8+ Ke6 38. Qf5+ Kd6 39. Qxd7+ Kxd7 40. b3 c4 41. Ra1 cxb3 42. cxb3 Bxb3 43. Rxa7+ Kd6 44. Rb2 Bd5 45. Rxb6 Kc5 46. Rb8 Kd4 47. Rd8 Kxd3 48. Rxd5+ cxd5 49. h4 Ke4 50. h5 d4 51. h6 d3 52. Rd7 Kf5 53. Rxd3 Kg5 54. Rg3+ Kf4 55. Rf3+ Ke4 56. h7 Kd5 57. h8=Q Kc4 58. Qh4+ Kd5 59. Rf5+ Ke6 60. Qf6+ Kd7 61. Rg5 Kc7 62. Rg7+ Kc8 63. Qf8# 1-0


[Site "https://www.chess.com"]

[Event "Titled Tuesday Blitz December 06 Late 2022"]
[White "Nepo"]
[Black "Korkmaz, Necmettin"]
[BlackFideId "6303285"]
[WhiteElo "2220"]
[BlackElo "2094"]
[Result "0-1"]
[Round "04"]
[TimeControl "180+1"]
[Date "2022.12.07"]
[WhiteClock "0:00:19"]
[BlackClock "0:01:15"]

1. e4 e6 2. d4 d5 3. Nd2 Nf6 4. e5 Nfd7 5. c3 c5 6. f4 Nc6 7. Ndf3 Qb6 8. g3 cxd4 9. cxd4 Bb4+ 10. Kf2 f6 11. Kg2 g5 12. fxg5 fxe5 13. dxe5 Ndxe5 14. Nxe5 Nxe5 15. Nf3 Ng4 16. Qd4 Qxd4 17. Nxd4 O-O 18. Be2 e5 19. Bxg4 Bxg4 20. h3 Bh5 21. g4 Bg6 22. Nf5 Bxf5 23. gxf5 Rxf5 24. Rd1 d4 25. Bd2 Bd6 26. Rf1 Rxf1 27. Rxf1 e4 28. Bf4 Bc5 29. Rc1 b6 30. a3 a5 31. Re1 e3 32. Kf3 Rf8 33. Ke4 Re8+ 34. Kd3 Rf8 35. Rf1 Bd6 36. g6 Rxf4 37. gxh7+ Kxh7 38. Rg1 Be5 39. Rg6 Kxg6 0-1


[Site "https://www.chess.com"]

[Event "Titled Tuesday Blitz December 06 Late 2022"]
[White "O`Gorman, Tom"]
[Black "Bok, Benjamin"]
[WhiteFideId "2508249"]
[BlackFideId "1017063"]
[WhiteElo "2271"]
[BlackElo "2658"]
[Result "0-1"]
[Round "04"]
[TimeControl "180+1"]
[Date "2022.12.06"]
[WhiteClock "0:00:06"]
[BlackClock "0:00:03"]

1. d4 Nf6 2. c4 e6 3. Nc3 Bb4 4. f3 c5 5. d5 d6 6. e4 b5 7. Ne2 bxc4 8. Nf4 e5 9. Ne2 Nbd7 10. Ng3 Nb6 11. Be2 Ng8 12. O-O Ne7 13. a4 a5 14. Nb5 O-O 15. f4 Ba6 16. fxe5 dxe5 17. Bg5 f6 18. Be3 Bxb5 19. axb5 c3 20. bxc3 Bxc3 21. Bxc5 Bxa1 22. Qxa1 Rc8 23. Qa3 Re8 24. Kh1 Kh8 25. d6 Rxc5 26. Qxc5 Nec8 27. Rd1 Qd7 28. Qc6 Rd8 29. Qc5 a4 30. Nf5 g6 31. Nh6 Kg7 32. Bg4 Qb7 33. Qc1 Rxd6 34. Bxc8 Rxd1+ 35. Qxd1 Qxc8 36. Ng4 a3 37. Ne3 a2 38. h3 Qc3 39. Qd6 Qxe3 40. Qe7+ Kh6 41. Qf8+ Kh5 42. g4+ Kh4 43. Qh6+ Qxh6 0-1


[Site "https://www.chess.com"]

[Event "Titled Tuesday Blitz December 06 Late 2022"]
[White "Osmonbekov, Talaibek"]
[Black "Toncheva, Nadya"]
[WhiteFideId "2017253"]
[BlackFideId "2924056"]
[WhiteElo "2135"]
[BlackElo "2101"]
[Result "0-1"]
[Round "04"]
[TimeControl "180+1"]
[Date "2022.12.07"]
[WhiteClock "0:00:03"]
[BlackClock "0:00:45"]

1. d4 d5 2. Bf4 Nf6 3. Nc3 c5 4. e3 cxd4 5. exd4 Bg4 6. f3 Bd7 7. Bd3 e6 8. Nge2 Bb4 9. O-O O-O 10. Kh1 Nc6 11. a3 Ba5 12. Nb5 Ne8 13. b4 Bb6 14. Nd6 Nxd6 15. Bxd6 Re8 16. c3 Bc7 17. Bxc7 Qxc7 18. Bc2 Ne7 19. Qd3 g6 20. Rfe1 Nf5 21. g4 Nd6 22. Ng3 Bb5 23. Qe3 Rac8 24. Qh6 Qxc3 25. Kg2 Qxc2+ 26. Kh3 Qc3 27. Rac1 Qxa3 0-1


[Site "https://www.chess.com"]

[Event "Titled Tuesday Blitz December 06 Late 2022"]
[White "Papayan, Oleg"]
[Black "Aung Thant Zin"]
[WhiteFideId "4193911"]
[BlackFideId "13000063"]
[WhiteElo "2153"]
[BlackElo "2278"]
[Result "1-0"]
[Round "04"]
[TimeControl "180+1"]
[Date "2022.12.07"]
[WhiteClock "0:00:22"]
[BlackClock "0:00:55"]

1. e4 c5 2. Nf3 Nc6 3. Bb5 e6 4. Bxc6 bxc6 5. d3 d6 6. e5 Ne7 7. exd6 Nf5 8. Nbd2 Bxd6 9. Nc4 Be7 10. Nfe5 Qc7 11. Bf4 Bd6 12. Nxd6+ Nxd6 13. Qf3 O-O 14. Qxc6 Qxc6 15. Nxc6 Nf5 16. O-O Bb7 17. Na5 Ba6 18. Be3 Rfc8 19. b3 Rc7 20. Rfd1 Nd4 21. c4 Rd8 22. Kf1 e5 23. Rab1 Bc8 24. b4 h6 25. Bxd4 Rxd4 26. Nb3 Rd8 27. Nxc5 a5 28. a3 Bf5 29. Ke2 axb4 30. axb4 Ra7 31. Ra1 Rc7 32. Ra3 Bg6 33. f3 f5 34. Ne6 Rdc8 35. Nxc7 Rxc7 36. b5 1-0


[Site "https://www.chess.com"]

[Event "Titled Tuesday Blitz December 06 Late 2022"]
[White "Paravyan, David"]
[Black "Makridis, Dimitrios"]
[WhiteFideId "4194985"]
[BlackFideId "25864475"]
[WhiteElo "2551"]
[BlackElo "2272"]
[Result "1-0"]
[Round "04"]
[TimeControl "180+1"]
[Date "2022.12.06"]
[WhiteClock "0:02:24"]
[BlackClock "0:02:11"]

1. e4 c5 2. Nf3 Nf6 3. Nc3 d5 4. exd5 Nxd5 5. Bb5+ Bd7 6. Ne5 Nf6 7. Qf3 Qc8 8. d3 Bxb5 9. Nxb5 a6 10. Nc3 e6 11. Bg5 Be7 12. Ne4 Nbd7 13. Nxd7 Nxd7 14. Bxe7 Kxe7 15. O-O-O Rd8 16. d4 cxd4 17. Qa3+ 1-0


[Site "https://www.chess.com"]

[Event "Titled Tuesday Blitz December 06 Late 2022"]
[White "Pein, Jonathan"]
[Black "Boyer, Mahel"]
[WhiteFideId "417092"]
[BlackFideId "45102422"]
[WhiteElo "2460"]
[BlackElo "2672"]
[Result "0-1"]
[Round "04"]
[TimeControl "180+1"]
[Date "2022.12.07"]
[WhiteClock "0:00:25"]
[BlackClock "0:00:17"]

1. c4 Nf6 2. Nc3 g6 3. e4 e5 4. g3 Bg7 5. Bg2 h5 6. h3 d6 7. Nge2 Be6 8. d3 Qc8 9. Be3 c5 10. Qd2 Nc6 11. Nd5 Nd4 12. Nxd4 cxd4 13. Nxf6+ Bxf6 14. Bg5 Bxg5 15. Qxg5 Qd8 16. Qxd8+ Kxd8 17. Kd2 a5 18. Rhc1 h4 19. g4 Ke7 20. Rc2 Rhc8 21. b3 Ra6 22. Rf1 Rb6 23. f4 a4 24. f5 Bd7 25. Rb2 Rb4 26. Kc2 b5 27. Rfb1 a3 28. Rf1 axb2 29. Kxb2 bxc4 30. dxc4 Rbb8 31. Rc1 gxf5 32. exf5 Bc6 33. Bf1 e4 34. Re1 Kf6 35. Kc2 Ke5 36. a4 d5 37. Kd2 Rxb3 38. cxd5 Bxd5 39. Rxe4+ Bxe4 0-1


[Site "https://www.chess.com"]

[Event "Titled Tuesday Blitz December 06 Late 2022"]
[White "Perez Leiva, Jerzy Jesus"]
[Black "Zeman, Matyas"]
[WhiteFideId "3524337"]
[BlackFideId "364398"]
[WhiteElo "2289"]
[BlackElo "2254"]
[Result "1-0"]
[Round "04"]
[TimeControl "180+1"]
[Date "2022.12.07"]
[WhiteClock "0:01:08"]
[BlackClock "0:00:06"]

1. e4 c6 2. Nc3 d5 3. Nf3 dxe4 4. Nxe4 Nf6 5. Qe2 Nxe4 6. Qxe4 Qd5 7. Qh4 Bf5 8. Bc4 Qd6 9. d3 e6 10. O-O Be7 11. Qg3 Qxg3 12. hxg3 Nd7 13. a4 h5 14. Bg5 Ne5 15. Bxe7 Nxf3+ 16. gxf3 Kxe7 17. a5 g5 18. Rfe1 h4 19. g4 Bg6 20. Re5 Kf6 21. Rc5 a6 22. Re1 Rhg8 23. Kh2 Rad8 24. Bb3 Rd4 25. Bc4 Rf4 26. Re3 Bh7 27. c3 Ke7 28. d4 Rg7 29. Be2 f6 30. Bc4 Bg8 31. Rf5 Kd6 32. Rxf4 gxf4 33. Re4 Bh7 34. Rxe6+ 1-0


[Site "https://www.chess.com"]

[Event "Titled Tuesday Blitz December 06 Late 2022"]
[White "Perske, Thore"]
[Black "Rorrer, Grayson"]
[WhiteFideId "12902195"]
[BlackFideId "30944996"]
[WhiteElo "2556"]
[BlackElo "2717"]
[Result "0-1"]
[Round "04"]
[TimeControl "180+1"]
[Date "2022.12.07"]
[WhiteClock "0:00:05"]
[BlackClock "0:00:05"]

1. e4 c5 2. Nf3 d6 3. g3 Nf6 4. d3 Nc6 5. Bg2 g6 6. O-O Bg7 7. Nc3 O-O 8. h3 e5 9. a4 Be6 10. Ng5 Bd7 11. f4 h6 12. Nf3 Re8 13. f5 g5 14. Nd2 a6 15. Nc4 Qc7 16. a5 Ne7 17. h4 gxh4 18. gxh4 Bc6 19. Nb6 Rad8 20. Nbd5 Bxd5 21. exd5 Qd7 22. Be4 Kh7 23. Kh1 Rg8 24. Qf3 Nxe4 25. Nxe4 f6 26. c4 Qe8 27. Bd2 Qf7 28. Rg1 Bh8 29. b4 cxb4 30. Bxb4 Nc8 31. Rxg8 Qxg8 32. Rg1 Qf7 33. Rg6 Ne7 34. h5 Nc8 35. Qg4 Bg7 36. Kg2 Rd7 37. Kf3 Rd8 38. Qg1 Ne7 39. Qg4 Nc8 40. Qh4 Kh8 41. Ke2 Ne7 42. Qg4 Nxg6 43. hxg6 Qc7 44. Qg1 Kg8 45. Kf3 Qd7 46. Nxd6 Bf8 47. Ne4 Qxf5+ 48. Ke2 Bxb4 49. Qb6 Qg4+ 50. Ke3 Qf4+ 51. Ke2 Qg4+ 52. Ke3 Qg1+ 53. Nf2 Qe1+ 54. Kf3 Rd7 55. Qxb4 Qxb4 0-1


[Site "https://www.chess.com"]

[Event "Titled Tuesday Blitz December 06 Late 2022"]
[White "Petrovic, Aleksa"]
[Black "Battlecruiser_Operational"]
[WhiteFideId "967629"]
[WhiteElo "2230"]
[BlackElo "2285"]
[Result "1-0"]
[Round "04"]
[TimeControl "180+1"]
[Date "2022.12.07"]
[WhiteClock "0:00:16"]
[BlackClock "0:00:06"]

1. d4 d5 2. c4 c6 3. Nf3 Nf6 4. Nc3 e6 5. e3 Nbd7 6. Qc2 a6 7. b3 b5 8. Bd3 Bd6 9. O-O O-O 10. e4 bxc4 11. bxc4 dxc4 12. Bxc4 e5 13. Rd1 Qc7 14. h3 exd4 15. Nxd4 Ne5 16. Bb3 Ng6 17. Be3 Re8 18. Rac1 Bd7 19. Nf5 Ba3 20. Bxf7+ Kxf7 21. Qb3+ Be6 22. Qxa3 Kg8 23. Nd4 Bf7 24. Na4 Nxe4 25. Rxc6 Qe5 26. Nf3 Qh5 27. Nc3 Nf6 28. Rc5 Ne5 29. Nxe5 Rxe5 30. Rxe5 Qxe5 31. Bd4 Qh5 32. Bxf6 gxf6 33. Qe7 Rc8 34. Qxf6 Bxa2 35. Rd3 Bf7 36. Rg3+ Bg6 37. Rg5 Qh6 38. Nd5 Rf8 39. Ne7# 1-0


[Site "https://www.chess.com"]

[Event "Titled Tuesday Blitz December 06 Late 2022"]
[White "Pham, Khoi"]
[Black "Cuevas Araya, Walter"]
[WhiteFideId "1054988"]
[BlackFideId "3405028"]
[WhiteElo "2483"]
[BlackElo "1957"]
[Result "1-0"]
[Round "04"]
[TimeControl "180+1"]
[Date "2022.12.07"]
[WhiteClock "0:01:32"]
[BlackClock "0:00:53"]

1. e4 e5 2. Nf3 Nf6 3. Nc3 Nc6 4. a3 Bc5 5. Nxe5 Nxe5 6. d4 Bxd4 7. Qxd4 Nc6 8. Qd3 O-O 9. Bg5 h6 10. Bh4 Re8 11. O-O-O d6 12. f3 Be6 13. g4 Ne5 14. Qe3 Ng6 15. Bg3 Qc8 16. h4 Nh7 17. g5 h5 18. Be2 Ne5 19. Bxe5 dxe5 20. f4 Bg4 21. f5 Bxe2 22. Qxe2 g6 23. Rhf1 c6 24. Rd6 Qc7 25. fxg6 Qxd6 26. gxf7+ Kg7 27. fxe8=Q Rxe8 28. Qxh5 Rf8 29. Rxf8 Nxf8 30. Qg4 Qd4 31. h5 Qe3+ 32. Kb1 Qf4 33. Qg2 Ne6 34. g6 Nd4 35. Qh3 Kh6 36. Nd1 Qd2 37. Qe3+ Qxe3 38. Nxe3 Ne6 39. Nf5+ Kxh5 40. g7 Nxg7 41. Nxg7+ Kg4 42. Ne6 Kf3 43. Nd8 Kxe4 44. Nxb7 Kf3 45. Na5 e4 46. Nxc6 e3 47. Nd4+ Ke4 48. c3 Kd3 49. Ka2 a5 50. Kb3 Kd2 51. Ka4 Kc1 52. c4 Kxb2 53. c5 Kc3 54. Nf3 e2 55. c6 Kd3 56. c7 Ke3 57. Ne1 Kd2 58. Ng2 e1=Q 59. Nxe1 Kxe1 60. c8=Q Kf1 61. Qa6+ Ke1 62. Qxa5+ Kf1 63. Qb4 Kg1 64. Kb5 Kh1 65. a4 Kg1 66. a5 Kh1 67. a6 Kg1 68. a7 Kh1 69. a8=Q+ Kg1 70. Qc6 Kh2 71. Qcc3 Kg1 72. Qbb2 Kf1 73. Qcc1# 1-0


[Site "https://www.chess.com"]

[Event "Titled Tuesday Blitz December 06 Late 2022"]
[White "Pinheiro, Iung Alicio de O."]
[Black "Pultinevicius, Paulius"]
[WhiteFideId "2104350"]
[BlackFideId "12809390"]
[WhiteElo "2283"]
[BlackElo "2486"]
[Result "0-1"]
[Round "04"]
[TimeControl "180+1"]
[Date "2022.12.06"]
[WhiteClock "0:00:05"]
[BlackClock "0:00:16"]

1. e4 g6 2. d4 Bg7 3. Nc3 d6 4. Be3 Nd7 5. Qd2 c6 6. h4 h5 7. a4 Ngf6 8. f3 Qc7 9. Nh3 a6 10. a5 c5 11. Ng5 cxd4 12. Bxd4 O-O 13. Be2 Nc5 14. g4 e5 15. Be3 Ne6 16. gxh5 Nxh5 17. Nd5 Qd8 18. Nxe6 Bxe6 19. Bg5 f6 20. Be3 Rc8 21. Rg1 Kh7 22. O-O-O Qe8 23. Kb1 f5 24. Rg2 Qa4 25. Rdg1 Nf4 26. Bxf4 exf4 27. Rxg6 fxe4 28. Rxg7+ Kh8 29. fxe4 Qxe4 30. Bf3 Qe5 31. Qg2 Rg8 32. Rxg8+ Rxg8 33. Qf1 Rxg1 34. Qxg1 Bxd5 35. Bxd5 Qxd5 36. Qg6 Qh1+ 37. Ka2 Qxh4 38. Qe8+ Kg7 39. Qd7+ Kg6 40. Qxd6+ Qf6 41. Qd3+ Qf5 42. Qd6+ Kh5 43. Qd8 f3 44. Qh8+ Kg4 45. Qg7+ Kh3 46. Qh6+ Kg2 47. Qd2+ f2 48. Qe2 Qxa5+ 49. Kb1 Qe1+ 0-1


[Site "https://www.chess.com"]

[Event "Titled Tuesday Blitz December 06 Late 2022"]
[White "Polster, Christian"]
[Black "Reprintsev, Alexander"]
[WhiteFideId "12965081"]
[BlackFideId "14100541"]
[WhiteElo "2195"]
[BlackElo "2230"]
[Result "1-0"]
[Round "04"]
[TimeControl "180+1"]
[Date "2022.12.07"]
[WhiteClock "0:00:08"]
[BlackClock "0:00:08"]

1. e4 d5 2. exd5 Qxd5 3. Nc3 Qa5 4. Bc4 Nf6 5. Nf3 Nc6 6. d4 Bg4 7. O-O Qh5 8. Bf4 Bxf3 9. gxf3 O-O-O 10. d5 e6 11. dxc6 Rxd1 12. Rfxd1 Bd6 13. cxb7+ Kxb7 14. Bxd6 cxd6 15. Rxd6 Qxf3 16. Be2 Qf4 17. Rad1 Nd5 18. Rd7+ Kc8 19. Rxa7 Kb8 20. Ra4 Qg5+ 21. Rg4 Qe5 22. Nxd5 exd5 23. Rb4+ Kc7 24. Rd3 Rd8 25. Rc3+ Kd6 26. Rb6+ Kd7 27. Bb5+ Ke7 28. Re3 f6 29. Rxe5+ fxe5 30. Kf1 Rc8 31. Rb7+ Kd6 32. c3 g5 33. a4 d4 34. Rd7+ Kc5 35. b4+ Kb6 36. cxd4 exd4 37. Rxd4 Rc2 38. Kg2 h5 39. Rd6+ Kc7 40. Rd5 g4 41. Rxh5 Rb2 42. Rc5+ Kb8 43. Rc4 1-0


[Site "https://www.chess.com"]

[Event "Titled Tuesday Blitz December 06 Late 2022"]
[White "Popilski, Gil"]
[Black "Rodriguez Santiago, Jaime"]
[WhiteFideId "2809060"]
[BlackFideId "3100898"]
[WhiteElo "2537"]
[BlackElo "2025"]
[Result "1-0"]
[Round "04"]
[TimeControl "180+1"]
[Date "2022.12.07"]
[WhiteClock "0:01:14"]
[BlackClock "0:00:39"]

1. g3 Nf6 2. Bg2 g6 3. e4 d6 4. d4 Bg7 5. Nc3 c6 6. a4 O-O 7. Nge2 e5 8. O-O Nbd7 9. a5 Re8 10. f4 h6 11. dxe5 dxe5 12. f5 Nc5 13. Qe1 gxf5 14. exf5 e4 15. Be3 Qe7 16. h3 Ncd7 17. g4 Ne5 18. b3 Nd5 19. Nxd5 cxd5 20. Qf2 Nf3+ 21. Kh1 Bxa1 22. Rxa1 Qh4 23. Nf4 Qxf2 24. Bxf2 Rd8 25. Rd1 Ng5 26. Nxd5 Kh7 27. Nf6+ Kg7 28. Nh5+ 1-0


[Site "https://www.chess.com"]

[Event "Titled Tuesday Blitz December 06 Late 2022"]
[White "Postnikov, Daniil"]
[Black "Pasti, Aron"]
[WhiteFideId "4166329"]
[BlackFideId "785857"]
[WhiteElo "2663"]
[BlackElo "2401"]
[Result "1-0"]
[Round "04"]
[TimeControl "180+1"]
[Date "2022.12.07"]
[WhiteClock "0:00:20"]
[BlackClock "0:00:01"]

1. e4 c5 2. a3 e6 3. b4 cxb4 4. axb4 d5 5. e5 d4 6. b5 Nd7 7. Nf3 Qc7 8. Be2 Nxe5 9. Nxd4 Bc5 10. Bb2 Ne7 11. O-O O-O 12. Nb3 Bd6 13. Na3 b6 14. d4 N5g6 15. g3 Bb7 16. Nc4 Nf4 17. gxf4 Bxf4 18. Ne5 Rfd8 19. Bd3 f6 20. Nf3 e5 21. Qe2 Ng6 22. Be4 exd4 23. Nbxd4 Re8 24. Nc6 Ne7 25. Qc4+ Kh8 26. Rfe1 Bc8 27. Qf7 Bg4 28. Bxf6 Nf5 29. Ne7 1-0


[Site "https://www.chess.com"]